 Dungeon Crawl Stone Soup version 0.29.0-4-gdea44cf6ec (webtiles) character file.

Game seed: 15539457889463711229

95678 qw the Severer (level 16, -4/101 HPs)
             Began as a Gargoyle Fighter on Sept 6, 2022.
             Was a High Priest of Okawaru.
             Killed by divine providence
             ... invoked by Saint Roka
              (16 damage)
             ... on level 2 of the Orcish Mines.
             The game lasted 00:09:27 (23989 turns).

qw the Severer (Gargoyle Fighter)                  Turns: 23989, Time: 00:09:28

Health: -4/101     AC: 40    Str: 33    XL:     16   Next: 14%
Magic:  19/23      EV: 10    Int: 10    God:    Okawaru [*****.]
Gold:   1252       SH: 20    Dex:  9    Spells: 15/15 levels left

rFire   + . .      SeeInvis +   G - +4 broad axe (elec)
rCold   + . .      Faith    .   C - +0 tower shield
rNeg    + . .      Spirit   .   n - +0 plate armour
rPois   inf        Reflect  .   y - +2 hat of the Volcano {*Slow rF+ rC+ Will+}
rElec   +          Harm     .   D - +0 cloak
rCorr   .          Rampage  .   v - +2 pair of gloves
Will    +++..                   o - +2 pair of boots
Stlth   ..........              (no amulet)
HPRegen 0.26/turn               F - +6 ring of strength
MPRegen 0.18/turn               l - ring of Devaurax {rElec Will+ Slay+2 SInv}

@: about to teleport, heroic, finesse-ful, flying
A: sickness immunity, AC +12, big wings, negative energy resistance 1,
electricity resistance, torment resistance 1, petrification resistance
a: Renounce Religion, Heroism, Finesse, Duel


You were on level 2 of the Orcish Mines.
You worshipped Okawaru.
Okawaru was extremely pleased with you.
You visited 4 branches of the dungeon, and saw 23 of its levels.

You collected 1721 gold pieces.
You spent 469 gold pieces at shops.


Innate Abilities, Weirdness & Mutations

You are immune to sickness and miasma.
Your stone body is resilient. (AC +12)
You are immune to poison.
Your large and strong wings let you fly.
You resist negative energy. (rN+)
You are resistant to electric shocks. (rElec)
You are resistant to unholy torment.
You are immune to petrification.


   Skills:
 - Level 12.0(17.0) Fighting
 - Level 16.0(21.0) Axes
 - Level 6.0(11.0) Throwing
 - Level 11.0(16.0) Armour
 - Level 4.1(9.1) Dodging
 + Level 15.2(20.2) Shields
 - Level 10.0 Invocations


You had 15 spell levels left.
You didn't know any spells.
Your spell library was empty.

Inventory:

Hand Weapons
 p - a +1 demon whip of venom
 G - a +4 broad axe of electrocution (weapon)
Missiles
 a - 3 boomerangs
 x - 2 silver javelins
 z - 2 boomerangs of dispersal
 A - 9 javelins (quivered)
Armour
 k - a +2 hat of willpower
 n - a +0 plate armour (worn)
 o - a +2 pair of boots (worn)
 t - a +3 chain mail of cold resistance
 v - a +2 pair of gloves (worn)
 w - the +0 helmet of Ozynkaick {-Tele rElec rPois rC+ rCorr}
   (Okawaru gifted it to you on level 2 of the Lair of Beasts)

   rC:        It protects you from cold.
   rElec:     It insulates you from electricity.
   rPois:     It protects you from poison.
   -Tele:     It prevents most forms of teleportation.
   rCorr:     It protects you from acid and corrosion.
 y - the +2 hat of the Volcano (worn) {*Slow rF+ rC+ Will+}
   (Okawaru gifted it to you on level 5 of the Lair of Beasts)

   rF:        It protects you from fire.
   rC:        It protects you from cold.
   *Slow:     It may slow you when you take damage.
   Will:      It increases your willpower.
 C - a +0 tower shield (worn)
 D - a +0 cloak (worn)
 E - the +3 crown of Dyrovepreva {rElec Int+2 SInv}
   (You found it on level 13 of the Dungeon)

   Int:       It affects your intelligence (+2).
   rElec:     It insulates you from electricity.
   SInv:      It lets you see invisible.
 H - a +2 chain mail of cold resistance
Jewellery
 h - a ring of see invisible
 l - the ring of Devaurax (right hand) {rElec Will+ Slay+2 SInv}
   (You acquired it on level 3 of the Dungeon)

   [ring of willpower]

   Slay:      It affects your accuracy & damage with ranged weapons and melee
   (+2).
   rElec:     It insulates you from electricity.
   SInv:      It lets you see invisible.
   Will:      It increases your willpower.
 u - a ring of ice
 F - a +6 ring of strength (left hand)
 Y - a +6 ring of dexterity
Scrolls
 b - 7 scrolls of teleportation
 f - 4 scrolls of identify
 i - 3 scrolls of blinking
 s - 2 scrolls of fog
Potions
 c - 4 potions of attraction
 d - 7 potions of might
 e - 3 potions of mutation
 g - 10 potions of curing
 j - a potion of haste
 m - 4 potions of lignification
 q - a potion of resistance
 B - 2 potions of cancellation
 I - a potion of magic

Dungeon Overview and Level Annotations

Branches:
Dungeon (15/15)            Temple (1/1) D:7            Lair (5/5) D:8
  Swamp (0/4) Lair:2       Spider (0/4) Lair:3        Slime (0/5) Lair:4
    Orc (2/2) D:9             Elf (0/3) Orc:2        Vaults (0/5) D:14
 Depths (0/4) D:15

Altars:
Cheibriados
Elyvilon
Fedhas
Hepliaklqana
Makhleb
Okawaru
Qazlal
Ru
Sif Muna
Trog
Uskayaw
Vehumet
Wu Jian
Xom
Yredelemnul
Zin
The Shining One

Shops:
D:3 =   D:5 *   D:14 *

Annotations:
D:7 1 runed translucent door, Crazy Yiuf
D:14 3 runed translucent doors, Cown's ghost, journeyman TrHu
Orc:2 Saint Roka


Message History

The orc priest mumbles some strange prayers to Beogh against you.
Beogh smites you!
Saint Roka roars a battlecry!
The orc high priest utters an invocation to Beogh.
You hear a shout!
23986 ||| DRINKING potion of heal wounds.
You feel much better.
The orc shouts!
An orc wizard comes into view. It is wielding a +0 dagger.
You block the orc's attack.
A troll comes into view.
The orc warrior hits you but does no damage.
You block the orc warrior's attack.
The orc priest invokes the aid of Beogh against you.
Beogh smites you! The orc hits you but does no damage.
You block the orc warrior's attack.
You chop the orc knight into pieces!!!
Lightning courses through the orc knight!!
You kill the orc knight!
Okawaru accepts your kill.
You closely miss the orc. You closely miss the orc warrior. You hit Saint Roka.
You hit the orc warrior but do no damage.
You hit the orc warrior.
The orc warrior is almost dead.
You slash the orc!
You kill the orc!
You barely miss the orc warrior. You closely miss Saint Roka.
You hit the orc warrior but do no damage.
The orc warrior is almost dead.
You slice the orc warrior!!
You kill the orc warrior!
Okawaru accepts your kill.
You slice Saint Roka!!
The orc no longer looks unusually strong.
You block the orc warrior's attack. The orc hits you but does no damage.
The orc priest looks satisfied for a moment.
You block the orc warrior's attack. x2
Saint Roka invokes the aid of Beogh against you.
Beogh smites you!
You die...

...... .. ..........
#.. ........... ..o.
.............#####o...
...............8.o....
..............o.o.....
.............))ooo..o.
.............%@oooo.o.
..............))8ooo.o.
#...$.........#####.oT.
...............# ...
..............## .
.............##
........).....#
...............#
...............##


You could see Saint Roka (strong), an orc high priest (strong), a troll, an orc
sorcerer (strong), 7 orc warriors, 2 orc priests, 2 orc wizards and 5 orcs.

Vanquished Creatures
  Gastronok (D:8)
  A sphinx (D:15)
  Kirke (D:14)
  Louise (D:14)
  A stone giant (D:15)
  Azrael (D:13)
  Snorg (D:14)
  Josephine (Lair:3)
  Fannar (Lair:1)
  A catoblepas (Lair:5)
  An ogre mage (D:13)
  9 hydras
  7 boulder beetles
  3 two-headed ogres
  3 centaur warriors
  Urug (D:13)
  7 tengu warriors
  Amaemon (Lair:1)
  Lodul (D:14)
  A lindwurm (Lair:2)
  5 orc knights
  Pikel (D:8)
  A deep elf pyromancer (D:13)
  21 ugly things
  3 manticores
  2 orc sorcerers
  A wolf spider (Lair:5)
  15 elephants
  6 black mambas
  A cyclops (D:14)
  An orange demon (Lair:1)
  A guardian serpent (Lair:5)
  25 cane toads
  Maggie (D:6)
  4 efreet
  A torpor snail (Lair:1)
  5 rime drakes
  An unseen horror (D:11)
  A kobold demonologist (D:13)
  A freezing wraith (D:15)
  6 komodo dragons
  A tengu conjurer (D:14)
  A troll (shapeshifter) (D:13)
  5 polar bears
  4 hornets
  4 trolls
  18 blink frogs
  Grinder (D:4)
  A queen bee (shapeshifter) (D:15)
  7 dream sheep
  3 slime creatures (D:14)
  Prince Ribbit (D:8)
  3 vampires
  A spriggan (Lair:3)
  A shadow (D:13)
  16 wyverns
  7 wraiths
  32 yaks
  16 humans (D:14)
  3 basilisks
  3 fire elementals (D:13)
  3 hogs (D:14)
  2 steam dragons
  5 vampire mosquitoes
  2 wargs
  Grum (D:8)
  Menkaure (D:7)
  An acid dragon (D:8)
  A redback (Lair:5)
  A hell hound (D:13)
  13 water moccasins
  13 orc warriors
  An ice beast (D:6)
  16 ogres
  4 black bears
  A boggart (D:15)
  22 wolves
  A lemure (D:8)
  4 centaurs
  2 phantoms
  2 kobold brigands
  14 bullfrogs
  7 scorpions
  9 wights
  19 killer bees
  An electric eel (Lair:5)
  9 howler monkeys
  8 jellies
  8 hounds
  A gnoll bouda (D:7)
  9 orc priests
  2 iguanas
  16 orc wizards
  6 gnolls
  9 adders
  A shadow imp (D:6)
  13 white imps
  7 worms
  3 dart slugs
  51 orcs
  9 ball pythons
  5 bats
  5 endoplasms
  8 giant cockroaches
  11 goblins
  11 hobgoblins
  6 jackals (D:1)
  4 quokkas
  3 frilled lizards
  14 kobolds
  3 rats
643 creatures vanquished.

Vanquished Creatures (others)
  A human (D:14)
  A howler monkey (D:7)
  A bush (Lair:5)
  37 fungi
  106 plants
146 creatures vanquished.

Grand Total: 789 creatures vanquished

Notes
Turn   | Place    | Note
-------+----------+-------------------------------------------
     0 | D:1      | qw the Gargoyle Fighter began the quest for the Orb.
     0 | D:1      | Reached XP level 1. HP: 14/14 MP: 1/1
     0 | D:1      | 0 ||| qw: Version: 0.1-a-108-g9e35731
     0 | D:1      | 0 ||| qw: Game counter: 6240
     0 | D:1      | 0 ||| qw: Always use a shield: true
     0 | D:1      | 0 ||| qw: God list: Okawaru
     0 | D:1      | 0 ||| qw: Allow faded altars: false
     0 | D:1      | 0 ||| qw: Do Orc after D:15 true
     0 | D:1      | 0 ||| qw: Do second Lair branch before Depths: true
     0 | D:1      | 0 ||| qw: Lair rune preference: random
     0 | D:1      | 0 ||| qw: Plans: Normal, Zot, God:TSO, Crypt, Tomb, Zig,
                  | Orb
     0 | D:1      | 0 ||| PLANNING D:1-11
    20 | D:1      | 20 ||| Stepping ~*~*~tactically~*~*~ (hiding).
    29 | D:1      | Reached skill level 2 in Axes
   468 | D:1      | Reached XP level 2. HP: 19/19 MP: 2/2
   475 | D:1      | 475 ||| Stepping ~*~*~tactically~*~*~ (stealth).
   765 | D:1      | Reached skill level 3 in Axes
   781 | D:1      | Reached XP level 3. HP: 19/23 MP: 3/3
   885 | D:1      | 885 ||| Stepping ~*~*~tactically~*~*~ (stealth).
  1127 | D:1      | 1127 ||| UPGRADING to amulet of guardian spirit.
  1132 | D:1      | 1132 ||| READING scroll labelled VYLLUDOTHRE.
  1133 | D:1      | 1133 ||| READING scroll labelled JUR PO RAZER.
  1134 | D:1      | 1134 ||| READING scroll labelled JERESI MIFIPT.
  1174 | D:1      | 1174 ||| READING scroll labelled SUZOPLU XEUSCH.
  1308 | D:2      | 1308 ||| Stepping ~*~*~tactically~*~*~ (stealth).
  1375 | D:2      | 1375 ||| Stepping ~*~*~tactically~*~*~ (stealth).
  1396 | D:2      | Reached skill level 1 in Throwing
  1443 | D:2      | Found a faded altar of an unknown god.
  1476 | D:2      | Reached XP level 4. HP: 21/28 MP: 4/4
  1701 | D:2      | 1701 ||| Stepping ~*~*~tactically~*~*~ (stealth).
  1793 | D:2      | 1793 ||| READING scroll labelled VIPTOMI ONEOF.
  1866 | D:3      | 1866 ||| Stepping ~*~*~tactically~*~*~ (stealth).
  1953 | D:3      | 1953 ||| Stepping ~*~*~tactically~*~*~ (hiding).
  2067 | D:3      | Reached skill level 4 in Axes
  2125 | D:3      | 2125 ||| Stepping ~*~*~tactically~*~*~ (stealth).
  2213 | D:3      | 2213 ||| DROPPING +0 club.
  2266 | D:3      | Found Fepag's Jewellery Shop.
  2286 | D:3      | 2286 ||| SHOPLISTING +4 ring of protection (360 gold, have
                  | 141).
  2286 | D:3      | 2286 ||| SHOPLISTING ring of positive energy (200 gold,
                  | have 141).
  2286 | D:3      | 2286 ||| SHOPLISTING ring of protection from fire (250
                  | gold, have 141).
  2293 | D:3      | Found a shimmering blue altar of Sif Muna.
  2320 | D:3      | Found a stormy altar of Qazlal.
  2377 | D:3      | Reached XP level 5. HP: 32/32 MP: 5/5
  2600 | D:3      | 2600 ||| UPGRADING to ring of see invisible.
  2601 | D:3      | 2601 ||| READING scroll labelled NEUSIU TAME.
  2605 | D:3      | 2605 ||| READING scroll labelled AGRUN ARIAZUEMPO.
  2606 | D:3      | 2606 ||| READING scroll labelled ONLUCO KOKEREO.
  2606 | D:3      | Identified a scroll of acquirement
  2606 | D:3      | 2606 ||| ACQUIRING ring of Devaurax {rElec Will+ Slay+2
                  | SInv}
  2606 | D:3      | Acquired the ring of Devaurax {rElec Will+ Slay+2 SInv}
  2608 | D:3      | 2608 ||| UPGRADING to ring of Devaurax {rElec Will+ Slay+2
                  | SInv}.
  2609 | D:3      | 2609 ||| REMOVING ring of see invisible.
  2610 | D:3      | 2610 ||| DRINKING 2 inky potions.
  2950 | D:4      | Noticed a black bear
  2955 | D:4      | Killed a black bear
  2956 | D:4      | Reached skill level 5 in Axes
  2956 | D:4      | Reached XP level 6. HP: 32/37 MP: 6/6
  3136 | D:4      | Noticed Grinder
  3137 | D:4      | 3137 ||| Stepping ~*~*~tactically~*~*~ (stealth).
  3142 | D:4      | 3142 ||| Stepping ~*~*~tactically~*~*~ (hiding).
  3154 | D:4      | Killed Grinder
  3155 | D:4      | Reached XP level 7. HP: 13/43 MP: 3/7
  3369 | D:4      | 3369 ||| DROPPING +0 whip.
  3429 | D:4      | 3429 ||| READING scroll of enchant weapon.
  3429 | D:4      | 3429 ||| ENCHANTING +1 war axe of venom.
  3523 | D:4      | 3523 ||| UPGRADING to +0 chain mail.
  3533 | D:4      | 3533 ||| DROPPING +0 scale mail.
  3534 | D:4      | 3534 ||| UPGRADING to +6 ring of dexterity.
  3535 | D:4      | 3535 ||| READING scroll labelled IKHLUI ORCHO.
  3536 | D:4      | 3536 ||| READING scroll labelled HIONAI JUOR.
  3537 | D:4      | 3537 ||| READING scroll labelled KOH SUURUDECI.
  3538 | D:4      | 3538 ||| READING 4 scrolls of identify.
  3538 | D:4      | 3538 ||| IDENTIFYING sedimented silvery potion
  3539 | D:4      | 3539 ||| DRINKING potion of experience.
  3539 | D:4      | Reached skill level 12 in Axes
  3539 | D:4      | Reached XP level 8. HP: 48/48 MP: 8/8
  3540 | D:4      | 3540 ||| READING 3 scrolls of identify.
  3540 | D:4      | 3540 ||| IDENTIFYING smoky black potion
  3541 | D:4      | 3541 ||| READING 2 scrolls of identify.
  3541 | D:4      | 3541 ||| IDENTIFYING silvery potion
  3542 | D:4      | 3542 ||| DROPPING potion of degeneration.
  3550 | D:5      | Entered Level 5 of the Dungeon
  3637 | D:5      | 3637 ||| Stepping ~*~*~tactically~*~*~ (stealth).
  3638 | D:5      | Found Bucimm's Assorted Antiques.
  3666 | D:5      | 3666 ||| BUYING 2 scrolls of teleportation (150 gold).
  3666 | D:5      | Bought 2 scrolls of teleportation for 150 gold pieces
  3666 | D:5      | 3666 ||| BUYING fizzy dark potion (22 gold).
  3666 | D:5      | Bought a fizzy dark potion for 22 gold pieces
  3666 | D:5      | 3666 ||| BUYING scroll of identify (50 gold).
  3666 | D:5      | Bought a scroll of identify for 50 gold pieces
  3809 | D:5      | 3809 ||| Stepping ~*~*~tactically~*~*~ (stealth).
  3810 | D:5      | 3810 ||| Stepping ~*~*~tactically~*~*~ (stealth).
  3811 | D:5      | 3811 ||| Stepping ~*~*~tactically~*~*~ (hiding).
  3905 | D:5      | 3905 ||| Stepping ~*~*~tactically~*~*~ (stealth).
  3908 | D:5      | 3908 ||| Stepping ~*~*~tactically~*~*~ (hiding).
  4175 | D:5      | 4175 ||| UPGRADING to +0 plate armour.
  4185 | D:5      | 4185 ||| DROPPING +0 chain mail.
  4186 | D:5      | 4186 ||| READING scroll labelled OPREMAL KEOMEUC.
  4287 | D:5      | 4287 ||| READING scroll labelled JANOCA TEUN.
  4288 | D:5      | 4288 ||| READING 3 scrolls of identify.
  4288 | D:5      | 4288 ||| IDENTIFYING fizzy dark potion
  4289 | D:5      | 4289 ||| READING 2 scrolls of identify.
  4289 | D:5      | 4289 ||| IDENTIFYING lumpy red potion
  4319 | D:6      | 4319 ||| Stepping ~*~*~tactically~*~*~ (stealth).
  4334 | D:6      | 4334 ||| Stepping ~*~*~tactically~*~*~ (hiding).
  4335 | D:6      | 4335 ||| Stepping ~*~*~tactically~*~*~ (hiding).
  4336 | D:6      | 4336 ||| Stepping ~*~*~tactically~*~*~ (hiding).
  4351 | D:6      | Reached XP level 9. HP: 47/54 MP: 7/9
  4390 | D:6      | 4390 ||| DROPPING +0 flail.
  4501 | D:6      | 4501 ||| Stepping ~*~*~tactically~*~*~ (stealth).
  4508 | D:6      | 4508 ||| FLEEEEING.
  4513 | D:6      | 4513 ||| FLEEEEING.
  4514 | D:6      | 4514 ||| FLEEEEING.
  4515 | D:6      | 4515 ||| FLEEEEING.
  4519 | D:6      | 4519 ||| FLEEEEING.
  4520 | D:6      | 4520 ||| FLEEEEING.
  4521 | D:6      | 4521 ||| FLEEEEING.
  4522 | D:6      | 4522 ||| FLEEEEING.
  4523 | D:6      | 4523 ||| FLEEEEING.
  4524 | D:6      | 4524 ||| FLEEEEING.
  4526 | D:6      | 4526 ||| FLEEEEING.
  4527 | D:6      | 4527 ||| STAIRDANCE
  4689 | D:6      | 4689 ||| STAIRDANCE
  4692 | D:5      | Reached skill level 6 in Fighting
  4819 | D:6      | Noticed Maggie
  4833 | D:6      | HP: 12/55 [Maggie/+2 scimitar of flaming (2)]
  4834 | D:6      | 4834 ||| READING 3 scrolls of teleportation.
  4835 | D:6      | 4835 ||| DRINKING 2 potions of heal wounds.
  4868 | D:6      | 4868 ||| Stepping ~*~*~tactically~*~*~ (stealth).
  4945 | D:6      | 4945 ||| Stepping ~*~*~tactically~*~*~ (stealth).
  4947 | D:6      | 4947 ||| Stepping ~*~*~tactically~*~*~ (hiding).
  5009 | D:6      | 5009 ||| UPGRADING to +0 pair of boots.
  5057 | D:6      | 5057 ||| Stepping ~*~*~tactically~*~*~ (stealth).
  5059 | D:6      | 5059 ||| Stepping ~*~*~tactically~*~*~ (stealth).
  5065 | D:6      | 5065 ||| FLEEEEING.
  5066 | D:6      | 5066 ||| FLEEEEING.
  5067 | D:6      | 5067 ||| FLEEEEING.
  5068 | D:6      | 5068 ||| FLEEEEING.
  5069 | D:6      | 5069 ||| FLEEEEING.
  5071 | D:6      | 5071 ||| FLEEEEING.
  5072 | D:6      | 5072 ||| FLEEEEING.
  5073 | D:6      | 5073 ||| FLEEEEING.
  5083 | D:6      | Killed Maggie
  5170 | D:6      | 5170 ||| Stepping ~*~*~tactically~*~*~ (hiding).
  5185 | D:6      | 5185 ||| FLEEEEING.
  5187 | D:6      | 5187 ||| FLEEEEING.
  5188 | D:6      | 5188 ||| FLEEEEING.
  5189 | D:6      | 5189 ||| FLEEEEING.
  5192 | D:6      | 5192 ||| FLEEEEING.
  5193 | D:6      | 5193 ||| FLEEEEING.
  5194 | D:6      | 5194 ||| FLEEEEING.
  5198 | D:6      | 5198 ||| FLEEEEING.
  5200 | D:6      | 5200 ||| FLEEEEING.
  5201 | D:6      | 5201 ||| FLEEEEING.
  5202 | D:6      | 5202 ||| FLEEEEING.
  5203 | D:6      | 5203 ||| FLEEEEING.
  5204 | D:6      | 5204 ||| FLEEEEING.
  5205 | D:6      | 5205 ||| FLEEEEING.
  5212 | D:6      | 5212 ||| FLEEEEING.
  5215 | D:6      | 5215 ||| FLEEEEING.
  5216 | D:6      | 5216 ||| FLEEEEING.
  5217 | D:6      | 5217 ||| FLEEEEING.
  5218 | D:6      | 5218 ||| FLEEEEING.
  5219 | D:6      | 5219 ||| FLEEEEING.
  5220 | D:6      | 5220 ||| FLEEEEING.
  5221 | D:6      | 5221 ||| FLEEEEING.
  5222 | D:6      | 5222 ||| FLEEEEING.
  5223 | D:6      | 5223 ||| FLEEEEING.
  5224 | D:6      | 5224 ||| FLEEEEING.
  5225 | D:6      | 5225 ||| FLEEEEING.
  5228 | D:6      | 5228 ||| STAIRDANCE
  5284 | D:5      | 5284 ||| DRINKING 2 viscous blue potions.
  5871 | D:6      | 5871 ||| READING scroll labelled NIHIPN OMIGUS.
  5941 | D:7      | 5941 ||| Stepping ~*~*~tactically~*~*~ (stealth).
  5967 | D:7      | 5967 ||| Stepping ~*~*~tactically~*~*~ (stealth).
  5975 | D:7      | Reached XP level 10. HP: 63/63 MP: 10/10
  5995 | D:7      | 5995 ||| Stepping ~*~*~tactically~*~*~ (stealth).
  6002 | D:7      | 6002 ||| Stepping ~*~*~tactically~*~*~ (stealth).
  6007 | D:7      | 6007 ||| Stepping ~*~*~tactically~*~*~ (stealth).
  6011 | D:7      | Noticed Menkaure
  6012 | D:7      | 6012 ||| Stepping ~*~*~tactically~*~*~ (hiding).
  6013 | D:7      | 6013 ||| Stepping ~*~*~tactically~*~*~ (hiding).
  6015 | D:7      | 6015 ||| Stepping ~*~*~tactically~*~*~ (stealth).
  6019 | D:7      | Killed Menkaure
  6094 | D:7      | Found a staircase to the Ecumenical Temple.
  6095 | D:7      | 6095 ||| PLANNING TEMPLE
  6103 | Temple   | Entered the Ecumenical Temple
  6214 | Temple   | Became a worshipper of Warmaster Okawaru
  6215 | Temple   | 6215 ||| REMOVING amulet of guardian spirit.
  6226 | Temple   | 6226 ||| PLANNING D:1-11
  6226 | Temple   | 6226 ||| DROPPING amulet of guardian spirit.
  6446 | D:7      | Reached skill level 6 in Armour
  6633 | D:7      | 6633 ||| Stepping ~*~*~tactically~*~*~ (cloud).
  6640 | D:7      | 6640 ||| Stepping ~*~*~tactically~*~*~ (cloud).
  6656 | D:7      | 6656 ||| DROPPING ring of magical power.
  6657 | D:7      | 6657 ||| Stepping randomly (cloudy).
  6658 | D:7      | 6658 ||| Stepping randomly (cloudy).
  6924 | D:7      | Found a runed translucent door.
  6925 | D:7      | Noticed Crazy Yiuf
  7002 | D:7      | 7002 ||| Stepping ~*~*~tactically~*~*~ (stealth).
  7003 | D:7      | 7003 ||| Stepping ~*~*~tactically~*~*~ (stealth).
  7027 | D:7      | 7027 ||| Stepping ~*~*~tactically~*~*~ (stealth).
  7034 | D:7      | 7034 ||| Stepping ~*~*~tactically~*~*~ (stealth).
  7159 | D:7      | 7159 ||| DROPPING +3 flail.
  7321 | D:7      | 7321 ||| UPGRADING to +1 kite shield of cold resistance.
  7331 | D:7      | 7331 ||| DROPPING +0 buckler.
  7332 | D:7      | 7332 ||| READING 2 scrolls of identify.
  7332 | D:7      | 7332 ||| IDENTIFYING coppery potion
  7333 | D:7      | 7333 ||| DROPPING potion of brilliance.
  7481 | D:8      | 7481 ||| FLEEEEING.
  7637 | D:8      | Noticed Grum
  7649 | D:8      | Reached * piety under Okawaru
  7650 | D:8      | 7650 ||| INVOKING Heroism.
  7659 | D:8      | Killed Grum
  7900 | D:8      | 7900 ||| INVOKING Heroism.
  7927 | D:8      | Noticed Gastronok
  7928 | D:8      | 7928 ||| INVOKING Heroism.
  7931 | D:8      | Noticed Pikel
  7941 | D:8      | Killed Pikel
  7942 | D:8      | Reached skill level 1 in Invocations
  7942 | D:8      | 7942 ||| INVOKING Heroism.
  7943 | D:8      | HP: 8/64 [Gastronok/the air (26)]
  7944 | D:8      | 7944 ||| READING 3 scrolls of teleportation.
  7945 | D:8      | 7945 ||| DRINKING potion of heal wounds.
  7969 | D:8      | Killed Gastronok
  7969 | D:8      | Reached ** piety under Okawaru
  7970 | D:8      | Reached skill level 6 in Shields
  7970 | D:8      | Reached skill level 3 in Invocations
  8106 | D:8      | 8106 ||| FLEEEEING.
  8107 | D:8      | 8107 ||| FLEEEEING.
  8108 | D:8      | 8108 ||| FLEEEEING.
  8109 | D:8      | 8109 ||| STAIRDANCE
  8366 | D:8      | Noticed Prince Ribbit
  8374 | D:8      | Killed Prince Ribbit
  8375 | D:8      | Reached XP level 11. HP: 67/68 MP: 13/13
  8390 | D:8      | 8390 ||| Stepping ~*~*~tactically~*~*~ (stealth).
  8404 | D:8      | 8404 ||| Stepping ~*~*~tactically~*~*~ (stealth).
  8406 | D:8      | 8406 ||| INVOKING Heroism.
  8419 | D:8      | 8419 ||| Stepping ~*~*~tactically~*~*~ (stealth).
  8423 | D:8      | 8423 ||| Stepping ~*~*~tactically~*~*~ (stealth).
  8591 | D:8      | Found a staircase to the Lair.
  8679 | D:8      | 8679 ||| DROPPING +4 flail.
  8790 | D:8      | 8790 ||| Stepping ~*~*~tactically~*~*~ (stealth).
  8792 | D:8      | 8792 ||| INVOKING Heroism.
  8794 | D:8      | 8794 ||| Stepping ~*~*~tactically~*~*~ (stealth).
  9069 | D:8      | 9069 ||| PLANNING LAIR
  9069 | D:8      | 9069 ||| UPGRADING to +1 hat of willpower.
  9087 | Lair:1   | Entered Level 1 of the Lair of Beasts
  9099 | Lair:1   | 9099 ||| INVOKING Heroism.
  9103 | Lair:1   | Reached *** piety under Okawaru
  9165 | Lair:1   | 9165 ||| Stepping ~*~*~tactically~*~*~ (hiding).
  9274 | Lair:1   | Noticed Amaemon
  9275 | Lair:1   | 9275 ||| INVOKING Heroism.
  9290 | Lair:1   | Killed Amaemon
  9291 | Lair:1   | Reached skill level 9 in Shields
  9303 | Lair:1   | 9303 ||| INVOKING Heroism.
  9433 | Lair:1   | 9433 ||| DROPPING +0 morningstar.
  9448 | Lair:1   | 9448 ||| INVOKING Heroism.
  9473 | Lair:1   | 9473 ||| Stepping ~*~*~tactically~*~*~ (stealth).
  9475 | Lair:1   | 9475 ||| Stepping ~*~*~tactically~*~*~ (stealth).
  9476 | Lair:1   | 9476 ||| Stepping ~*~*~tactically~*~*~ (stealth).
  9478 | Lair:1   | 9478 ||| INVOKING Heroism.
  9486 | Lair:1   | Reached **** piety under Okawaru
  9487 | Lair:1   | Reached skill level 3 in Throwing
  9549 | Lair:1   | 9549 ||| INVOKING Heroism.
  9702 | Lair:1   | Noticed a seven-headed hydra
  9703 | Lair:1   | 9703 ||| INVOKING Heroism.
  9706 | Lair:1   | 9706 ||| SWAPPING to +1 demon whip of venom.
  9709 | Lair:1   | Killed a seven-headed hydra
  9710 | Lair:1   | 9710 ||| SWAPPING to +2 war axe of venom.
  9773 | Lair:1   | 9773 ||| Stepping ~*~*~tactically~*~*~ (hiding).
  9784 | Lair:1   | Received a gift from Okawaru
  9928 | Lair:1   | Noticed a boulder beetle
  9929 | Lair:1   | 9929 ||| INVOKING Heroism.
  9941 | Lair:1   | Killed a boulder beetle
  9942 | Lair:1   | Reached XP level 12. HP: 59/73 MP: 14/16
 10033 | Lair:1   | 10033 ||| INVOKING Heroism.
 10039 | Lair:1   | Reached skill level 6 in Invocations
 10266 | Lair:1   | Noticed Fannar
 10280 | Lair:1   | Killed Fannar
 10280 | Lair:1   | Reached ***** piety under Okawaru
 10585 | Lair:1   | 10585 ||| UPGRADING to +1 pair of gloves.
 10590 | Lair:1   | 10590 ||| READING 2 scrolls of identify.
 10590 | Lair:1   | 10590 ||| IDENTIFYING sedimented white potion
 10616 | Lair:2   | 10616 ||| INVOKING Heroism.
 10618 | Lair:2   | 10618 ||| Stepping ~*~*~tactically~*~*~ (stealth).
 10648 | Lair:2   | 10648 ||| INVOKING Heroism.
 10657 | Lair:2   | Reached skill level 9 in Fighting
 10660 | Lair:2   | 10660 ||| Stepping ~*~*~tactically~*~*~ (stealth).
 10661 | Lair:2   | 10661 ||| Stepping ~*~*~tactically~*~*~ (stealth).
 10662 | Lair:2   | 10662 ||| Stepping ~*~*~tactically~*~*~ (stealth).
 10664 | Lair:2   | 10664 ||| Stepping ~*~*~tactically~*~*~ (hiding).
 10691 | Lair:2   | 10691 ||| INVOKING Heroism.
 10698 | Lair:2   | Received a gift from Okawaru
 10700 | Lair:2   | Identified the +0 helmet of Ozynkaick {-Tele rElec rPois
                  | rC+ rCorr} (Okawaru gifted it to you on level 2 of the Lair
                  | of Beasts)
 10700 | Lair:2   | Received a gift from Okawaru
 10705 | Lair:2   | 10705 ||| Stepping ~*~*~tactically~*~*~ (stealth).
 10849 | Lair:2   | 10849 ||| INVOKING Heroism.
 10850 | Lair:2   | 10850 ||| Stepping ~*~*~tactically~*~*~ (stealth).
 10851 | Lair:2   | 10851 ||| Stepping ~*~*~tactically~*~*~ (stealth).
 11024 | Lair:2   | 11024 ||| READING scroll of enchant armour.
 11024 | Lair:2   | 11024 ||| ENCHANTING +1 pair of gloves.
 11062 | Lair:2   | 11062 ||| Stepping ~*~*~tactically~*~*~ (stealth).
 11063 | Lair:2   | 11063 ||| Stepping ~*~*~tactically~*~*~ (hiding).
 11064 | Lair:2   | 11064 ||| INVOKING Heroism.
 11083 | Lair:2   | 11083 ||| READING scroll of enchant weapon.
 11083 | Lair:2   | 11083 ||| ENCHANTING +2 war axe of venom.
 11189 | Lair:2   | Reached skill level 3 in Dodging
 11254 | Lair:2   | Found a staircase to the Swamp.
 11372 | Lair:2   | 11372 ||| READING scroll of enchant weapon.
 11372 | Lair:2   | 11372 ||| ENCHANTING +3 war axe of venom.
 11778 | Lair:3   | 11778 ||| INVOKING Heroism.
 11784 | Lair:3   | Reached skill level 9 in Invocations
 11931 | Lair:3   | 11931 ||| READING scroll of enchant armour.
 11931 | Lair:3   | 11931 ||| ENCHANTING +1 hat of willpower.
 11966 | Lair:3   | 11966 ||| INVOKING Heroism.
 11986 | Lair:3   | 11986 ||| READING scroll of enchant weapon.
 11986 | Lair:3   | 11986 ||| ENCHANTING +4 war axe of venom.
 12011 | Lair:3   | Noticed an eight-headed hydra
 12012 | Lair:3   | 12012 ||| INVOKING Heroism.
 12013 | Lair:3   | 12013 ||| INVOKING Finesse.
 12015 | Lair:3   | 12015 ||| SWAPPING to +1 demon whip of venom.
 12016 | Lair:3   | 12016 ||| INVOKING Finesse.
 12024 | Lair:3   | Killed an eight-headed hydra
 12025 | Lair:3   | Reached XP level 13. HP: 77/80 MP: 13/20
 12025 | Lair:3   | 12025 ||| SWAPPING to +5 war axe of venom.
 12079 | Lair:3   | 12079 ||| Stepping ~*~*~tactically~*~*~ (stealth).
 12081 | Lair:3   | 12081 ||| Stepping ~*~*~tactically~*~*~ (stealth).
 12086 | Lair:3   | 12086 ||| INVOKING Heroism.
 12116 | Lair:3   | 12116 ||| INVOKING Finesse.
 12159 | Lair:3   | Noticed Josephine
 12162 | Lair:3   | 12162 ||| INVOKING Heroism.
 12167 | Lair:3   | Killed Josephine
 12168 | Lair:3   | Reached skill level 9 in Armour
 12237 | Lair:3   | Found a hole to the Spider Nest.
 12304 | Lair:3   | 12304 ||| INVOKING Heroism.
 12305 | Lair:3   | 12305 ||| INVOKING Finesse.
 12307 | Lair:3   | 12307 ||| SWAPPING to +1 demon whip of venom.
 12316 | Lair:3   | 12316 ||| SWAPPING to +5 war axe of venom.
 12450 | Lair:3   | 12450 ||| READING scroll of enchant weapon.
 12450 | Lair:3   | 12450 ||| ENCHANTING +5 war axe of venom.
 12563 | Lair:4   | 12563 ||| STAIRDANCE
 12675 | Lair:4   | 12675 ||| Stepping ~*~*~tactically~*~*~ (stealth).
 12678 | Lair:4   | 12678 ||| INVOKING Heroism.
 12681 | Lair:4   | 12681 ||| Stepping ~*~*~tactically~*~*~ (stealth).
 12696 | Lair:4   | Reached skill level 13 in Axes
 12711 | Lair:4   | 12711 ||| Stepping ~*~*~tactically~*~*~ (stealth).
 12718 | Lair:4   | 12718 ||| INVOKING Finesse.
 12720 | Lair:4   | 12720 ||| SWAPPING to +1 demon whip of venom.
 12734 | Lair:4   | 12734 ||| SWAPPING to +6 war axe of venom.
 12849 | Lair:4   | Received a gift from Okawaru
 12873 | Lair:4   | 12873 ||| INVOKING Heroism.
 12902 | Lair:4   | 12902 ||| INVOKING Heroism.
 13127 | Lair:4   | Found a staircase to the Slime Pits.
 13591 | Lair:5   | Entered Level 5 of the Lair of Beasts
 13592 | Lair:5   | 13592 ||| INVOKING Heroism.
 13595 | Lair:5   | 13595 ||| INVOKING Finesse.
 13604 | Lair:5   | Identified the +2 hat of the Volcano {*Slow rF+ rC+ Will+}
                  | (Okawaru gifted it to you on level 5 of the Lair of Beasts)
 13604 | Lair:5   | Received a gift from Okawaru
 13689 | Lair:5   | 13689 ||| INVOKING Heroism.
 13756 | Lair:5   | 13756 ||| INVOKING Heroism.
 13760 | Lair:5   | Reached skill level 14 in Axes
 13943 | Lair:5   | 13943 ||| INVOKING Heroism.
 13970 | Lair:5   | 13970 ||| INVOKING Finesse.
 13976 | Lair:5   | 13976 ||| SWAPPING to +1 demon whip of venom.
 13986 | Lair:5   | 13986 ||| Stepping ~*~*~tactically~*~*~ (outnumbered).
 13990 | Lair:5   | 13990 ||| SWAPPING to +6 war axe of venom.
 13997 | Lair:5   | Gained mutation: Your large and strong wings let you fly.
                  | [Gargoyle growth]
 13997 | Lair:5   | Reached XP level 14. HP: 67/88 MP: 17/21
 14065 | Lair:5   | 14065 ||| Stepping ~*~*~tactically~*~*~ (stealth).
 14068 | Lair:5   | 14068 ||| Stepping ~*~*~tactically~*~*~ (stealth).
 14069 | Lair:5   | 14069 ||| Stepping ~*~*~tactically~*~*~ (stealth).
 14087 | Lair:5   | 14087 ||| Stepping ~*~*~tactically~*~*~ (stealth).
 14111 | Lair:5   | 14111 ||| FLEEEEING.
 14112 | Lair:5   | 14112 ||| FLEEEEING.
 14113 | Lair:5   | 14113 ||| FLEEEEING.
 14114 | Lair:5   | 14114 ||| FLEEEEING.
 14115 | Lair:5   | 14115 ||| Stepping ~*~*~tactically~*~*~ (stealth).
 14116 | Lair:5   | 14116 ||| Stepping ~*~*~tactically~*~*~ (stealth).
 14117 | Lair:5   | 14117 ||| Stepping ~*~*~tactically~*~*~ (stealth).
 14119 | Lair:5   | 14119 ||| Stepping ~*~*~tactically~*~*~ (stealth).
 14120 | Lair:5   | 14120 ||| Stepping ~*~*~tactically~*~*~ (stealth).
 14123 | Lair:5   | 14123 ||| INVOKING Heroism.
 14320 | Lair:5   | 14320 ||| Stepping ~*~*~tactically~*~*~ (stealth).
 14324 | Lair:5   | 14324 ||| Stepping ~*~*~tactically~*~*~ (stealth).
 14330 | Lair:5   | 14330 ||| INVOKING Heroism.
 14477 | Lair:5   | 14477 ||| Stepping ~*~*~tactically~*~*~ (stealth).
 14571 | Lair:5   | 14571 ||| INVOKING Heroism.
 14572 | Lair:5   | 14572 ||| INVOKING Finesse.
 14578 | Lair:5   | 14578 ||| SWAPPING to +1 demon whip of venom.
 14593 | Lair:5   | 14593 ||| SWAPPING to +6 war axe of venom.
 14681 | Lair:5   | Received a gift from Okawaru
 14703 | Lair:5   | 14703 ||| Stepping ~*~*~tactically~*~*~ (stealth).
 14734 | Lair:5   | Reached skill level 12 in Shields
 14753 | Lair:5   | 14753 ||| Stepping ~*~*~tactically~*~*~ (stealth).
 14848 | Lair:5   | 14848 ||| Stepping ~*~*~tactically~*~*~ (stealth).
 14849 | Lair:5   | 14849 ||| Stepping ~*~*~tactically~*~*~ (stealth).
 14850 | Lair:5   | 14850 ||| Stepping ~*~*~tactically~*~*~ (stealth).
 14851 | Lair:5   | 14851 ||| Stepping ~*~*~tactically~*~*~ (stealth).
 14917 | Lair:5   | 14917 ||| Stepping ~*~*~tactically~*~*~ (stealth).
 14957 | Lair:5   | Received a gift from Okawaru
 15059 | Lair:5   | 15059 ||| Stepping ~*~*~tactically~*~*~ (stealth).
 15069 | Lair:5   | 15069 ||| Stepping ~*~*~tactically~*~*~ (stealth).
 15364 | Lair:5   | 15364 ||| Stepping ~*~*~tactically~*~*~ (stealth).
 15381 | Lair:5   | 15381 ||| INVOKING Heroism.
 15404 | Lair:5   | Reached skill level 6 in Throwing
 15649 | Lair:5   | 15649 ||| PLANNING D:1-11
 15649 | Lair:5   | 15649 ||| UPGRADING to +2 hat of the Volcano {*Slow rF+ rC+
                  | Will+}.
 15659 | Lair:5   | 15659 ||| READING 2 scrolls of identify.
 15659 | Lair:5   | 15659 ||| IDENTIFYING metallic orange potion
 15779 | D:9      | 15779 ||| INVOKING Heroism.
 15999 | D:9      | 15999 ||| INVOKING Heroism.
 16101 | D:9      | 16101 ||| INVOKING Heroism.
 16528 | D:9      | 16528 ||| Stepping ~*~*~tactically~*~*~ (hiding).
 16640 | D:9      | 16640 ||| Stepping ~*~*~tactically~*~*~ (stealth).
 16644 | D:9      | 16644 ||| Stepping ~*~*~tactically~*~*~ (stealth).
 16646 | D:9      | 16646 ||| Stepping ~*~*~tactically~*~*~ (hiding).
 16658 | D:9      | 16658 ||| Stepping ~*~*~tactically~*~*~ (stealth).
 16661 | D:9      | 16661 ||| Stepping ~*~*~tactically~*~*~ (hiding).
 16679 | D:9      | 16679 ||| INVOKING Heroism.
 16723 | D:9      | Found a staircase to the Orcish Mines.
 16811 | D:9      | 16811 ||| UPGRADING to +0 cloak.
 16816 | D:9      | 16816 ||| READING scroll labelled VONLYO SEASIG.
 16853 | D:10     | Entered Level 10 of the Dungeon
 16943 | D:10     | 16943 ||| INVOKING Heroism.
 17110 | D:10     | 17110 ||| Stepping ~*~*~tactically~*~*~ (stealth).
 17112 | D:10     | 17112 ||| Stepping ~*~*~tactically~*~*~ (hiding).
 17636 | D:11     | 17636 ||| Stepping ~*~*~tactically~*~*~ (stealth).
 17639 | D:11     | 17639 ||| INVOKING Heroism.
 17721 | D:11     | 17721 ||| Stepping ~*~*~tactically~*~*~ (stealth).
 17723 | D:11     | 17723 ||| Stepping ~*~*~tactically~*~*~ (stealth).
 17745 | D:11     | 17745 ||| READING scroll of enchant weapon.
 17745 | D:11     | 17745 ||| ENCHANTING +6 war axe of venom.
 18003 | D:11     | 18003 ||| Stepping ~*~*~tactically~*~*~ (stealth).
 18007 | D:11     | 18007 ||| INVOKING Heroism.
 18047 | D:11     | 18047 ||| READING scroll of brand weapon.
 18047 | D:11     | 18047 ||| BRANDING +7 war axe of venom.
 18079 | D:11     | 18079 ||| Stepping ~*~*~tactically~*~*~ (hiding).
 18080 | D:11     | 18080 ||| Stepping ~*~*~tactically~*~*~ (hiding).
 18083 | D:11     | 18083 ||| INVOKING Heroism.
 18097 | D:11     | Found a frozen archway.
 18535 | D:11     | 18535 ||| INVOKING Heroism.
 18680 | D:11     | 18680 ||| Stepping ~*~*~tactically~*~*~ (hiding).
 18692 | D:11     | 18692 ||| PLANNING D
 18692 | D:11     | 18692 ||| READING scroll labelled AZEVUS LURIE.
 18693 | D:11     | 18693 ||| READING 2 scrolls of identify.
 18693 | D:11     | 18693 ||| IDENTIFYING murky grey potion
 18694 | D:11     | 18694 ||| DROPPING potion of flight.
 18756 | D:12     | 18756 ||| INVOKING Heroism.
 18765 | D:12     | Received a gift from Okawaru
 18766 | D:12     | Reached skill level 15 in Axes
 18767 | D:12     | 18767 ||| INVOKING Finesse.
 18842 | D:12     | 18842 ||| INVOKING Heroism.
 18922 | D:12     | 18922 ||| INVOKING Heroism.
 19142 | D:12     | 19142 ||| INVOKING Heroism.
 19192 | D:12     | 19192 ||| SWAPPING to +1 demon whip of venom.
 19198 | D:12     | 19198 ||| SWAPPING to +7 war axe of freezing.
 19401 | D:12     | 19401 ||| READING scroll labelled HIWKUMO GITITA.
 19402 | D:12     | 19402 ||| READING 2 scrolls of identify.
 19402 | D:12     | 19402 ||| IDENTIFYING clear potion
 19470 | D:13     | Found the +3 crown of Dyrovepreva {rElec Int+2 SInv}
 19471 | D:13     | 19471 ||| INVOKING Heroism.
 19472 | D:13     | 19472 ||| INVOKING Finesse.
 19574 | D:13     | 19574 ||| INVOKING Heroism.
 19637 | D:13     | 19637 ||| Stepping ~*~*~tactically~*~*~ (hiding).
 19639 | D:13     | Noticed Urug
 19640 | D:13     | 19640 ||| INVOKING Heroism.
 19647 | D:13     | Received a gift from Okawaru
 19648 | D:13     | Reached XP level 15. HP: 63/94 MP: 20/22
 19658 | D:13     | Killed Urug
 19836 | D:13     | 19836 ||| SWAPPING to +2 broad axe of electrocution.
 19837 | D:13     | 19837 ||| DROPPING +7 war axe of freezing.
 19990 | D:13     | 19990 ||| INVOKING Heroism.
 19991 | D:13     | Noticed Azrael
 20010 | D:13     | Killed Azrael
 20440 | D:13     | 20440 ||| INVOKING Heroism.
 20453 | D:13     | Reached skill level 12 in Fighting
 20504 | D:13     | Identified the +1 leather armour of Submission {Str+3}
 20677 | D:13     | 20677 ||| Stepping ~*~*~tactically~*~*~ (hiding).
 20705 | D:13     | 20705 ||| INVOKING Heroism.
 20958 | D:13     | 20958 ||| READING 2 scrolls of identify.
 20958 | D:13     | 20958 ||| IDENTIFYING golden potion
 20959 | D:13     | 20959 ||| DROPPING potion of invisibility.
 20960 | D:13     | 20960 ||| DROPPING potion of ambrosia.
 21023 | D:14     | 21023 ||| INVOKING Heroism.
 21032 | D:14     | Noticed Kirke
 21033 | D:14     | 21033 ||| INVOKING Finesse.
 21042 | D:14     | 21042 ||| SWAPPING to +1 demon whip of venom.
 21043 | D:14     | 21043 ||| Stepping ~*~*~tactically~*~*~ (outnumbered).
 21044 | D:14     | 21044 ||| Stepping ~*~*~tactically~*~*~ (outnumbered).
 21045 | D:14     | 21045 ||| Stepping ~*~*~tactically~*~*~ (outnumbered).
 21046 | D:14     | 21046 ||| Stepping ~*~*~tactically~*~*~ (outnumbered).
 21046 | D:14     | Noticed Snorg
 21047 | D:14     | 21047 ||| Stepping ~*~*~tactically~*~*~ (outnumbered).
 21058 | D:14     | 21058 ||| Stepping ~*~*~tactically~*~*~ (outnumbered).
 21059 | D:14     | 21059 ||| Stepping ~*~*~tactically~*~*~ (outnumbered).
 21068 | D:14     | 21068 ||| SWAPPING to +2 broad axe of electrocution.
 21076 | D:14     | 21076 ||| INVOKING Heroism.
 21077 | D:14     | 21077 ||| SWAPPING to +1 demon whip of venom.
 21079 | D:14     | 21079 ||| SWAPPING to +2 broad axe of electrocution.
 21088 | D:14     | 21088 ||| INVOKING Finesse.
 21089 | D:14     | 21089 ||| SWAPPING to +1 demon whip of venom.
 21089 | D:14     | Noticed Lodul
 21096 | D:14     | Killed Snorg
 21096 | D:14     | Received a gift from Okawaru
 21101 | D:14     | 21101 ||| SWAPPING to +2 broad axe of electrocution.
 21105 | D:14     | Killed Kirke
 21105 | D:14     | Noticed Louise
 21106 | D:14     | 21106 ||| Stepping ~*~*~tactically~*~*~ (hiding).
 21107 | D:14     | 21107 ||| Stepping ~*~*~tactically~*~*~ (hiding).
 21111 | D:14     | 21111 ||| Stepping ~*~*~tactically~*~*~ (hiding).
 21116 | D:14     | 21116 ||| Stepping ~*~*~tactically~*~*~ (hiding).
 21118 | D:14     | 21118 ||| Stepping ~*~*~tactically~*~*~ (hiding).
 21123 | D:14     | 21123 ||| SWAPPING to +1 demon whip of venom.
 21124 | D:14     | 21124 ||| Stepping ~*~*~tactically~*~*~ (outnumbered).
 21125 | D:14     | 21125 ||| Stepping ~*~*~tactically~*~*~ (hiding).
 21126 | D:14     | 21126 ||| Stepping ~*~*~tactically~*~*~ (outnumbered).
 21127 | D:14     | 21127 ||| Stepping ~*~*~tactically~*~*~ (outnumbered).
 21128 | D:14     | 21128 ||| INVOKING Heroism.
 21129 | D:14     | 21129 ||| Stepping ~*~*~tactically~*~*~ (outnumbered).
 21131 | D:14     | 21131 ||| Stepping ~*~*~tactically~*~*~ (outnumbered).
 21137 | D:14     | 21137 ||| Stepping ~*~*~tactically~*~*~ (outnumbered).
 21138 | D:14     | 21138 ||| Stepping ~*~*~tactically~*~*~ (outnumbered).
 21139 | D:14     | 21139 ||| Stepping ~*~*~tactically~*~*~ (outnumbered).
 21140 | D:14     | 21140 ||| INVOKING Finesse.
 21146 | D:14     | 21146 ||| SWAPPING to +2 broad axe of electrocution.
 21179 | D:14     | Killed Louise
 21180 | D:14     | Reached skill level 16 in Axes
 21198 | D:14     | 21198 ||| INVOKING Heroism.
 21198 | D:14     | HP: 24/96 [two-headed ogre/+0 giant club (8)]
 21199 | D:14     | 21199 ||| READING 7 scrolls of teleportation.
 21200 | D:14     | 21200 ||| DRINKING potion of heal wounds.
 21349 | D:14     | Killed Lodul
 21349 | D:14     | Received a gift from Okawaru
 21580 | D:14     | Found a runed translucent gate.
 21581 | D:14     | Found a runed translucent gate.
 21581 | D:14     | Identified the +9 hand axe of the Blowfly {freeze, Dex+4}
 21581 | D:14     | Noticed an orc warlord
 21582 | D:14     | Found a runed translucent gate.
 21583 | D:14     | Noticed Cown's ghost (journeyman TrHu)
 21587 | D:14     | Found an iron altar of Okawaru.
 21594 | D:14     | Found a gate to the Vaults.
 21691 | D:14     | Found Wiecahab's General Store.
 21700 | D:14     | 21700 ||| BUYING 2 potions of attraction (90 gold).
 21700 | D:14     | Bought 2 potions of attraction for 90 gold pieces
 21700 | D:14     | 21700 ||| BUYING scroll of enchant armour (112 gold).
 21700 | D:14     | Bought a scroll of enchant armour for 112 gold pieces
 21700 | D:14     | 21700 ||| BUYING scroll of teleportation (45 gold).
 21700 | D:14     | Bought a scroll of teleportation for 45 gold pieces
 21700 | D:14     | 21700 ||| READING scroll of enchant armour.
 21700 | D:14     | 21700 ||| ENCHANTING +0 pair of boots.
 21765 | D:14     | 21765 ||| INVOKING Heroism.
 21766 | D:14     | 21766 ||| INVOKING Finesse.
 21769 | D:14     | 21769 ||| SWAPPING to +1 demon whip of venom.
 21771 | D:14     | 21771 ||| SWAPPING to +2 broad axe of electrocution.
 22070 | D:14     | 22070 ||| UPGRADING to +0 tower shield.
 22080 | D:14     | 22080 ||| DROPPING +1 kite shield of cold resistance.
 22081 | D:14     | 22081 ||| UPGRADING to +6 ring of strength.
 22083 | D:14     | 22083 ||| READING 5 scrolls of identify.
 22083 | D:14     | 22083 ||| IDENTIFYING purple potion
 22102 | D:15     | Entered Level 15 of the Dungeon
 22289 | D:15     | 22289 ||| READING scroll of enchant weapon.
 22289 | D:15     | 22289 ||| ENCHANTING +2 broad axe of electrocution.
 22310 | D:15     | 22310 ||| Stepping ~*~*~tactically~*~*~ (stealth).
 22312 | D:15     | 22312 ||| INVOKING Heroism.
 22338 | D:15     | 22338 ||| READING scroll of enchant weapon.
 22338 | D:15     | 22338 ||| ENCHANTING +3 broad axe of electrocution.
 22467 | D:15     | 22467 ||| Stepping ~*~*~tactically~*~*~ (stealth).
 22468 | D:15     | 22468 ||| Stepping ~*~*~tactically~*~*~ (stealth).
 22469 | D:15     | 22469 ||| INVOKING Heroism.
 22627 | D:15     | 22627 ||| Stepping ~*~*~tactically~*~*~ (hiding).
 22631 | D:15     | 22631 ||| INVOKING Heroism.
 22874 | D:15     | Noticed a sphinx
 22878 | D:15     | 22878 ||| Stepping ~*~*~tactically~*~*~ (hiding).
 22880 | D:15     | 22880 ||| INVOKING Heroism.
 22901 | D:15     | 22901 ||| INVOKING Finesse.
 22951 | D:15     | Killed a sphinx
 22966 | D:15     | 22966 ||| READING scroll of enchant armour.
 22966 | D:15     | 22966 ||| ENCHANTING +1 pair of boots.
 23061 | D:15     | 23061 ||| Stepping ~*~*~tactically~*~*~ (stealth).
 23065 | D:15     | 23065 ||| INVOKING Heroism.
 23073 | D:15     | Reached XP level 16. HP: 91/101 MP: 21/23
 23078 | D:15     | 23078 ||| Stepping ~*~*~tactically~*~*~ (stealth).
 23079 | D:15     | 23079 ||| Stepping ~*~*~tactically~*~*~ (hiding).
 23090 | D:15     | 23090 ||| Stepping ~*~*~tactically~*~*~ (hiding).
 23118 | D:15     | Found a staircase to the Depths.
 23290 | D:15     | 23290 ||| Stepping ~*~*~tactically~*~*~ (hiding).
 23295 | D:15     | 23295 ||| INVOKING Heroism.
 23306 | D:15     | Identified the +11 hand crossbow of Taxation {penet,
                  | Will++} (Okawaru gifted it to you on level 15 of the
                  | Dungeon)
 23306 | D:15     | Received a gift from Okawaru
 23448 | D:15     | 23448 ||| PLANNING ORC
 23592 | Orc:1    | Entered Level 1 of the Orcish Mines
 23615 | Orc:1    | 23615 ||| Stepping ~*~*~tactically~*~*~ (hiding).
 23619 | Orc:1    | 23619 ||| Stepping ~*~*~tactically~*~*~ (hiding).
 23622 | Orc:1    | 23622 ||| INVOKING Heroism.
 23680 | Orc:1    | 23680 ||| Stepping ~*~*~tactically~*~*~ (stealth).
 23683 | Orc:1    | 23683 ||| Stepping ~*~*~tactically~*~*~ (stealth).
 23690 | Orc:1    | 23690 ||| INVOKING Heroism.
 23842 | Orc:2    | Entered Level 2 of the Orcish Mines
 23873 | Orc:2    | Found a staircase to the Elven Halls.
 23942 | Orc:2    | Reached skill level 15 in Shields
 23959 | Orc:2    | 23959 ||| INVOKING Heroism.
 23960 | Orc:2    | Noticed Saint Roka
 23961 | Orc:2    | 23961 ||| INVOKING Finesse.
 23984 | Orc:2    | HP: 14/101 [Saint Roka/divine providence (14)]
 23985 | Orc:2    | 23985 ||| READING 8 scrolls of teleportation.
 23985 | Orc:2    | HP: 5/101 [orc priest/divine providence (10)]
 23986 | Orc:2    | 23986 ||| DRINKING potion of heal wounds.
 23989 | Orc:2    | Killed from afar by Saint Roka

Levels and vault maps discovered:
D:1:      grunt_arrival_crossed_arrows, layout_rooms
D:2:      layout_rooms, hellmonk_ecumenical_altar_leap_of_faith
D:3:      layout_basic, mainiacjoe_overflow_catch_the_wave, serial_forest,
          infiniplex_forest_clump_diagonal, infiniplex_forest_straight_3,
          infiniplex_forest_zigzag_1, infiniplex_forest_straight_4,
          infiniplex_forest_straight_1, infiniplex_forest_clump_curved,
          infiniplex_forest_fountain, infiniplex_forest_lined_3_way,
          infiniplex_forest_3_way, infiniplex_forest_lined_corner, serial_shops,
          shop_fountains
D:4:      layout_basic, corexii_hall_statues_l, chequers_serial_rivers_micro_d,
          serial_park_tiny_2, chequers_garden, uniq_grinder
D:5:      layout_cave_pools, serial_rivers, chequers_serial_rivers_small_a,
          chequers_serial_rivers_micro_b, chequers_serial_rivers_marsh,
          chequers_serial_rivers_micro_e, chequers_serial_rivers_micro_c,
          kennysheep_windowed_goal
D:6:      layout_basic, nzn_random_ring, uniq_maggie
D:7:      layout_basic, minmay_temple_entry_slanted, serial_corexii_hall,
          corexii_hall_statues_l, corexii_hall_statues_x,
          corexii_hall_statues_l, uniq_menkaure, uniq_crazy_yiuf_cottage
D:8:      layout_basic, lair_entry_dummy, enter_bailey_3, serial_glass,
          glass_columns_c, glass_columns_c, abandoned_shop, hex_large,
          roderic_serpentine_path, uniq_prince_ribbit1, uniq_grum,
          uniq_gastronok, uniq_pikel
D:9:      layout_long_grid, david_orc_4
D:10:     layout_loops_ring, kennysheep_generic_room_6
D:11:     layout_basic, portal_ice_cave_entry_imps, dk_noncrumbling_3,
          nzn_life_drinkers
D:12:     layout_gridville, minmay_misc_feat_doors
D:13:     minmay_cornered_nines, layout_long_grid, uniq_urug, uniq_azrael
D:14:     layout_gridville, david_vaults_3, serial_shops, shop,
          gammafunk_ghost_fury_of_okawaru, st_stairs_3, uniq_lodul, uniq_louise,
          uniq_kirke, uniq_snorg
D:15:     grunt_enter_depths_snipers, layout_stronghold,
          hangedman_decor_diamond_cutter, kennysheep_four_rooms
Temple:   nicolae_temple_slightly_damp_pantheon
Lair:1:   layout_cave_pods, grunt_forest_stairs_basic, uniq_fannar, uniq_amaemon
Lair:2:   layout_regular_city, swamp_mist_pool, grunt_megastairs_1,
          lemuel_fruit_tree
Lair:3:   layout_concentric_octagons, nicolae_spider_entry_non_spiders,
          grunt_forest_stairs_clearing, uniq_josephine
Lair:4:   layout_small_grid, nicolae_slime_entry_slimehenge, grunt_megastairs_3,
          serial_bayou_shore_a
Lair:5:   hangedman_lair_tendril_chambers, layout_gridlike,
          nicolae_volcano_entry_s_turn, chequers_serial_rivers_room_b
Orc:1:    layout_diamond_mine, nicolae_orc_rockfall, mines4_lemuel
Orc:2:    grunt_orc_cross, layout_diamond_mine, basic_altar

Skill      XL: |  1  2  3  4  5  6  7  8  9 10 11 12 13 14 15 16 |
---------------+-------------------------------------------------+-----
Axes           | 2 3 4 5 12 14 15 16 | 16.0
Throwing       | 1 2 3 4 6 |  6.0
Fighting       | 4 5 7 8 9 10 11 12 | 12.0
Dodging        | 2 3 4 |  4.1
Armour         | 5 6 7 8 9 11 | 11.0
Shields        | 4 6 9 10 11 12 14 15 | 15.2
Invocations    | 3 5 9 10 | 10.0

Action                   |  1- 3 |  4- 6 |  7- 9 | 10-12 | 13-15 | 16-18 || total
-------------------------+-------+-------+-------+-------+-------+-------++-------
Melee: War axe           |   109 |    65 |   137 |   373 |   626 |       ||  1310
       Demon whip        |       |       |       |    10 |    86 |       ||    96
       Broad axe         |       |       |       |       |   298 |    64 ||   362
Throw: Javelin           |    17 |    40 |    36 |    47 |   169 |    10 ||   319
       Boomerang         |       |       |       |       |    17 |       ||    17
Invok: Heroism           |       |       |       |    23 |    43 |     4 ||    70
       Finesse           |       |       |       |     1 |    13 |     1 ||    15
  Use: Scroll            |     4 |     4 |    13 |     8 |    16 |     1 ||    46
       Potion            |       |     1 |     3 |     1 |     1 |     1 ||     7
Armor: Scale mail        |    61 |    22 |     2 |       |       |       ||    85
       Chain mail        |       |       |    14 |       |       |       ||    14
       Plate armour      |       |       |    39 |   172 |   383 |    34 ||   628
Dodge: Dodged            |    45 |    27 |    32 |    92 |   195 |    19 ||   410
Block: Buckler           |    17 |    12 |    13 |     8 |       |       ||    50
       Kite shield       |       |       |       |   246 |   514 |       ||   760
       Tower shield      |       |       |       |       |    45 |    75 ||   120

Table legend:
 A = Non-vault XP
 B = Vault XP
 C = Vault XP percentage of total XP
 D = Non-vault monster count
 E = Vault monster count
 F = Vault count percentage of total count
                 A         B        C        D         E       F
            +---------+---------+-------+---------+---------+-------
      Total |   83548 |   52485 |  38.6 |     430 |     212 |  33.0
            +---------+---------+-------+---------+---------+-------
        D:1 |      53 |       0 |   0.0 |      28 |       0 |   0.0
        D:2 |      61 |       0 |   0.0 |      22 |       0 |   0.0
        D:3 |      63 |       0 |   0.0 |      15 |       0 |   0.0
        D:4 |     364 |     277 |  43.2 |      24 |       1 |   4.0
        D:5 |     378 |     283 |  42.8 |      12 |       4 |  25.0
        D:6 |     755 |    1374 |  64.5 |      13 |      18 |  58.1
        D:7 |    1217 |     169 |  12.2 |      20 |       1 |   4.8
        D:8 |    2115 |    2940 |  58.2 |      24 |      11 |  31.4
        D:9 |    1788 |     697 |  28.0 |      19 |      17 |  47.2
       D:10 |     541 |     320 |  37.2 |       8 |       2 |  20.0
       D:11 |    3001 |     323 |   9.7 |      22 |      13 |  37.1
       D:12 |    7403 |       0 |   0.0 |      21 |       0 |   0.0
       D:13 |    5447 |    4163 |  43.3 |      11 |       9 |  45.0
       D:14 |    8070 |   12038 |  59.9 |      16 |      37 |  69.8
       D:15 |   12530 |    5917 |  32.1 |      25 |       8 |  24.2
     Lair:1 |    7480 |    2091 |  21.8 |      26 |       3 |  10.3
     Lair:2 |    7219 |     980 |  12.0 |      24 |       4 |  14.3
     Lair:3 |    6404 |    3944 |  38.1 |      25 |      20 |  44.4
     Lair:4 |    4469 |    4063 |  47.6 |      14 |      14 |  50.0
     Lair:5 |   12817 |   10194 |  44.3 |      38 |      36 |  48.6
      Orc:1 |     733 |       0 |   0.0 |      15 |       0 |   0.0
      Orc:2 |     640 |    2712 |  80.9 |       8 |      14 |  63.6
            +---------+---------+-------+---------+---------+-------
